 Dungeon Crawl Stone Soup version 0.17.1-2-g5865329 (webtiles) character file.

142 kaze the Ducker (level 5, 0/53 HPs)
             Began as a Troll Berserker on Jan 21, 2016.
             Was a Believer of Trog.
             Killed by nerve-wracking pain
             ... invoked by Grinder
              (2 damage)
             ... on level 3 of the Dungeon.
             The game lasted 00:08:38 (1489 turns).

kaze the Ducker (Troll Berserker)                   Turns: 1489, Time: 00:08:39

Health: 0/53       AC: 10    Str: 26    XL:     5   Next: 3%
Magic:  4/4        EV: 10    Int:  3    God:    Trog [**....]
Gold:   97         SH:  0    Dex:  9    Spells: 0 memorised, 4 levels left

rFire  + + .     SeeInvis .     d - +0 mace (protect)
rCold  x . .     Clarity  .     a - +0 animal skin
rNeg   . . .     SustAt   .     (no shield)
rPois  .         Gourm    +     (helmet restricted)
rElec  .         Spirit   .     (no cloak)
rCorr  .         Warding  .     (gloves unavailable)
rMut   .         Stasis   .     (boots unavailable)
MR     .....                    (no amulet)
Stlth  +.........               l - ring of fire
                                f - ring of protection from fire

@: not resistant to hostile enchantments, very unstealthy
A: unfitting armour, claws 3, fast metabolism 3, gourmand, regeneration 2,
shaggy fur 1, tough skin 2
a: Berserk, Trog's Hand, Burn Spellbooks, Renounce Religion


You were on level 3 of the Dungeon.
You worshipped Trog.
Trog was pleased with you.
You were full.

You visited 1 branch of the dungeon, and saw 3 of its levels.

You collected 97 gold pieces.

Inventory:

Hand Weapons
 d - a +0 mace of protection (weapon)
 m - a +0 spear of piercing
Armour
 a - a +0 animal skin (worn)
Jewellery
 f - a ring of protection from fire (left claw)
 l - a ring of fire (right claw)
Wands
 o - a wand of magic darts (14)
Scrolls
 c - 2 scrolls of identify {unknown}
 g - a scroll of teleportation {unknown}
 i - 3 scrolls of remove curse {unknown}
 j - a scroll of magic mapping {unknown}
 k - a scroll of random uselessness {unknown}
 r - a scroll of blinking {unknown}
 s - a scroll of fear {unknown}
 u - a scroll of immolation {unknown}
Potions
 e - a potion of lignification {unknown}
 h - a potion of degeneration {unknown}
 n - a potion of curing {unknown}
 p - a potion of haste {unknown}
Comestibles
 b - a bread ration
 q - a meat ration
 t - 5 chunks of flesh


   Skills:
 + Level 3.0 Fighting
 * Level 1.4 Maces & Flails
 - Level 0.2 Polearms
 + Level 3.7 Dodging
 - Level 3.5 Unarmed Combat


You had 4 spell levels left.
You didn't know any spells.

Dungeon Overview and Level Annotations

Branches:
Dungeon (3/15)

Altars:
Elyvilon
Fedhas

Annotations:
D:3 Grinder


Innate Abilities, Weirdness & Mutations

You are too large for most types of armour.
You have claws for hands.
Your metabolism is lightning-fast.
You like to eat raw meat.
You heal very quickly.
You are covered in fur (AC +1).
You have very tough skin (AC +2).


Message History

Grinder gestures.
Grinder blinks!
The orc hits you but does no damage.
You hit the orc.
The orc is severely wounded.
Grinder gestures at you.
You suddenly lose the ability to move!
The orc hits you but does no damage. The orc hits you with a falchion.
* * * LOW HITPOINT WARNING * * *
The orc hits you with a falchion.
* * * LOW HITPOINT WARNING * * *
Some of the chunks of flesh in your inventory have rotted away.
The orc hits you but does no damage.
You can move again.
You barely miss the orc.
The orc is severely wounded.
The orc hits you with a falchion.
* * * LOW HITPOINT WARNING * * *
Grinder gestures at you. Pain shoots through your body!
You die...

#.............#
.###.............#
................#
..............>...#
#####.............#
####.............#
.................#
#......5.........#
#....#.#@#########
#....#.#o# #...
#?#.. . #.#...
..#...# ###...#
#...# #....


You could see Grinder and an orc.

Vanquished Creatures
  Ijyb (D:2)
  Jessica (D:2)
  3 adders
  2 oozes
  2 giant geckos (D:2)
  3 orcs (D:3)
  3 ball pythons
  3 giant cockroaches
  7 hobgoblins
  5 bats
  2 giant newts (D:1)
  2 goblins (D:2)
  2 jackals (D:2)
  15 rats
51 creatures vanquished.

Notes
Turn   | Place    | Note
--------------------------------------------------------------
     0 | D:1      | kaze the Troll Berserker began the quest for the Orb.
     0 | D:1      | Reached XP level 1. HP: 22/22 MP: 0/0
    72 | D:1      | Reached XP level 2. HP: 23/29 MP: 1/1
   255 | D:1      | Reached ** piety under Trog
   524 | D:2      | Reached XP level 3. HP: 29/36 MP: 2/2
   896 | D:2      | Noticed Ijyb
   936 | D:2      | Found a white marble altar of Elyvilon.
  1023 | D:2      | Noticed Jessica
  1044 | D:2      | Killed Jessica
  1044 | D:2      | Reached XP level 4. HP: 28/44 MP: 3/3
  1116 | D:2      | Reached skill level 1 in Maces & Flails
  1135 | D:2      | Found a blossoming altar of Fedhas.
  1292 | D:2      | Killed Ijyb
  1416 | D:3      | Reached XP level 5. HP: 53/53 MP: 4/4
  1443 | D:3      | Noticed Grinder
  1445 | D:3      | Paralysed by Grinder for 4 turns
  1465 | D:3      | Paralysed by Grinder for 6 turns
  1484 | D:3      | Paralysed by Grinder for 5 turns
  1489 | D:3      | HP: 2/53 [orc/falchion (5)]
  1489 | D:3      | Killed from afar by Grinder

Action                   |  1- 3 |  4- 6 || total
-------------------------+-------+-------++-------
Melee: Unarmed           |    54 |       ||    54
       Spear             |    31 |       ||    31
       Mace              |    33 |    89 ||   122
Invok: Trog's Hand       |     1 |     1 ||     2
  Eat: Chunk             |     7 |     1 ||     8
       Bread ration      |       |     2 ||     2
